 Dungeon Crawl Stone Soup version 0.18.1-48-g4cf74bf (webtiles) character file.

182 Inkary the Poker (level 5, -2/42 HPs)
             Began as a Merfolk Gladiator on Aug 4, 2016.
             Slain by an orc
             ... wielding a +0 falchion
              (3 damage)
             ... on level 3 of the Dungeon.
             The game lasted 00:07:55 (3066 turns).

Inkary the Poker (Merfolk Gladiator)                Turns: 3066, Time: 00:07:56

Health: -2/42      AC:  5    Str: 15    XL:     5   Next: 61%
Magic:  5/5        EV: 15    Int:  7    God:
Gold:   179        SH:  0    Dex: 16    Spells: 0 memorised, 4 levels left

rFire  . . .     SeeInvis .     a - +0 trident
rCold  . . .     Gourm    .     b - +0 leather armour
rNeg   . . .     Faith    .     (no shield)
rPois  .         Spirit   .     c - +0 helmet
rElec  .         Dismiss  .     v - +0 cloak
rCorr  .         Reflect  .     (no gloves)
SustAt .         Harm     .     (no boots)
MR     .....                    (no amulet)
Stlth  +.........               (no ring)
                                (no ring)

@: not resistant to hostile enchantments, very unstealthy
A: change form in water, swift swim
a: no special abilities


You were on level 3 of the Dungeon.
You were not hungry.

You visited 1 branch of the dungeon, and saw 4 of its levels.

You collected 179 gold pieces.

Inventory:

Hand Weapons
 a - a +0 trident (weapon)
Missiles
 d - 3 throwing nets (quivered)
Armour
 b - a +0 leather armour (worn)
 c - a +0 helmet (worn)
 v - a +0 cloak (worn)
Jewellery
 i - an uncursed ring of ice {unknown}
 n - an uncursed amulet of dismissal {unknown}
 A - an uncursed ring of positive energy {unknown}
 B - an uncursed ring of sustain attributes {unknown}
Wands
 g - a wand of random effects (32/48)
Scrolls
 e - 4 scrolls of fear {unknown}
 m - 2 scrolls of identify {unknown}
 o - a scroll of amnesia {unknown}
 q - a scroll of recharging {unknown}
 r - a scroll of enchant weapon {unknown}
 s - a scroll of remove curse {unknown}
 w - a scroll of immolation {unknown}
 y - a scroll of fog {unknown}
Potions
 j - a potion of cancellation {unknown}
 k - a potion of haste {unknown}
 l - a potion of flight {unknown}
 p - a potion of lignification {unknown}
 u - a potion of brilliance {unknown}
 x - a potion of agility {unknown}
 z - a potion of curing {unknown}
Comestibles
 f - 4 bread rations
 h - a slice of pizza
 t - 3 fruits
 C - a chunk of flesh


   Skills:
 + Level 3.7 Fighting
 + Level 6.3 Polearms
 - Level 2.0 Throwing
 + Level 0.5 Armour
 - Level 5.5 Dodging


You had 4 spell levels left.
You didn't know any spells.

Dungeon Overview and Level Annotations

Branches:
Dungeon (4/15)
 Temple: D:4-7

Altars:
Ashenzari
Makhleb


Message History

* * * LOW HITPOINT WARNING * * *
The orc misses you.
You hit the orc but do no damage.
The orc is heavily wounded.
The orc misses you. The orc completely misses you.
You hit the orc.
The orc is severely wounded.
The orc hits you but does no damage. The orc barely misses you.
You closely miss the orc.
The orc is severely wounded.
The orc hits you with a falchion.
* * * LOW HITPOINT WARNING * * *
The orc hits you but does no damage.
You puncture the orc!
You kill the orc!
The orc closely misses you.
You closely miss the orc. The orc hits you with a falchion!
* * * LOW HITPOINT WARNING * * *
You closely miss the orc. The orc hits you with a falchion.
You die...

....###.#..............# #.##
..........#####(.......#######.##
....##.#### #................#
....##.# ####......[......##.##
..^.##.#####.....^...(#)..#......
###..........##........(..###....
#...................##..(......
#.......#####.†........#((##...
#.......####..@o..........##...
####.....#........#.....#......
#####......>........#.....#......
...#................##...##......
...#.....)..)........#...#.......
...#.................##.##.......
......(........###....#.#....###.
...#.............###.#####.###..[
...#(........(.....###...###.....


You could see an orc.

Vanquished Creatures
  A hound (D:2)
  Terence (D:2)
  A worker ant (D:3)
  3 adders
  An ooze (D:3)
  3 worms (D:2)
  2 dart slugs (D:1)
  2 giant geckos
  6 orcs
  5 bats
  3 giant cockroaches
  7 goblins
  4 hobgoblins
  2 quokkas (D:2)
  A ball python (D:3)
  4 giant newts
  2 kobolds
  7 rats
55 creatures vanquished.

Notes
Turn   | Place    | Note
--------------------------------------------------------------
     0 | D:1      | Inkary the Merfolk Gladiator began the quest for the Orb.
     0 | D:1      | Reached XP level 1. HP: 16/16 MP: 1/1
   223 | D:1      | Reached XP level 2. HP: 23/23 MP: 2/2
   629 | D:2      | Noticed Terence
   635 | D:2      | Killed Terence
   635 | D:2      | Reached skill level 5 in Polearms
   635 | D:2      | Reached XP level 3. HP: 14/28 MP: 3/3
   962 | D:2      | Reached skill level 5 in Dodging
   962 | D:2      | Reached XP level 4. HP: 27/35 MP: 4/4
  1608 | D:2      | Found a burning altar of Makhleb.
  2061 | D:2      | Reached XP level 5. HP: 41/41 MP: 5/5
  2115 | D:3      | Reached skill level 6 in Polearms
  2495 | D:3      | Found a shattered altar of Ashenzari.
  3065 | D:3      | HP: 1/42 [orc/falchion (7)]
  3066 | D:3      | Slain by an orc

Skill      XL: |  1  2  3  4  5 |
---------------+----------------+-----
Polearms       | 5 6 |  6.3
Fighting       | 3 |  3.7
Dodging        | 5 |  5.5
Throwing       | |  2.0
Armour         | |  0.5

Action                   |  1- 3 |  4- 6 || total
-------------------------+-------+-------++-------
Melee: Trident           |    60 |   144 ||   204
  Use: Potion            |     1 |       ||     1
 Stab: Sleeping          |     2 |     2 ||     4
  Eat: Chunk             |       |     6 ||     6
       Fruit             |       |     1 ||     1
Armor: Leather armour    |    11 |    23 ||    34
Dodge: Dodged            |    23 |    81 ||   104
